 Dungeon Crawl Stone Soup version 0.27-a0-1597-ge58577e147 (webtiles) character file.

Game seed: 4894382061262656457

5222 Mitsuki the Blocker (level 10, -7/92 HPs)
             Began as a Minotaur Fighter on July 21, 2021.
             Was a Follower of Yredelemnul.
             Mangled by a nine-headed hydra (12 damage)
             ... on level 8 of the Dungeon.
             The game lasted 00:15:03 (8509 turns).

Mitsuki the Blocker (Minotaur Fighter)              Turns: 8509, Time: 00:15:04

Health: -7/92      AC: 10    Str: 24    XL:     10   Next: 35%
Magic:  11/11      EV: 13    Int:  5    God:    Yredelemnul [*.....]
Gold:   230        SH: 12    Dex: 10    Spells: 9/9 levels left

rFire    . . .     SeeInvis +   r - +2 scimitar (vorpal)
rCold    . . .     Faith    .   c - +0 kite shield
rNeg     . . .     Spirit   .   b - +0 scale mail
rPois    .         Reflect  .   (helmet restricted)
rElec    .         Harm     .   n - +0 cloak
rCorr    .         Rampage  .   (no gloves)
Will     .....                  (no boots)
Stlth    ..........             (no amulet)
HPRegen  0.25/turn              i - +4 ring of evasion
MPRegen  0.12/turn              u - ring of see invisible

@: mighty
A: horns 2, retaliatory headbutt
a: Renounce Religion, Animate Remains


You were on level 8 of the Dungeon.
You worshipped Yredelemnul.
Yredelemnul was aware of your devotion.
You visited 2 branches of the dungeon, and saw 9 of its levels.

You collected 410 gold pieces.
You spent 180 gold pieces at shops.

Inventory:

Hand Weapons
 r - a +2 vorpal scimitar (weapon)
Armour
 b - a +0 scale mail (worn)
 c - a +0 kite shield (worn)
 n - a +0 cloak (worn)
Jewellery
 i - a +4 ring of evasion (left hand)
 m - a ring of resist corrosion
 u - a ring of see invisible (right hand)
Wands
 v - a wand of iceblast (11)
 x - a wand of acid (6)
 y - a wand of charming (10)
Scrolls
 g - 3 scrolls of enchant armour {unknown}
 h - 3 scrolls of fog {unknown}
 j - 2 scrolls of summoning {unknown}
 k - 3 scrolls of fear {unknown}
 l - a scroll of noise {unknown}
 o - 8 scrolls of identify {unknown}
Potions
 a - a potion of degeneration {unknown}
 e - a potion of heal wounds
 f - 2 potions of mutation {unknown}
 p - a potion of invisibility {unknown}
 q - 4 potions of curing {unknown}
 s - 2 potions of berserk rage {unknown}
 t - a potion of cancellation {unknown}
 w - a potion of brilliance {unknown}
 z - a potion of ambrosia {unknown}


   Skills:
 + Level 9.7 Fighting
 + Level 9.3 Long Blades
 + Level 9.7 Armour
 + Level 9.8 Shields
 * Level 2.9 Invocations


You had 9 spell levels left.
You didn't know any spells.
Your spell library was empty.

Dungeon Overview and Level Annotations

Branches:
Dungeon (8/15)             Temple (1/1) D:5
   Lair: D:8-11

Altars:
Ashenzari
Cheibriados
Dithmenos
Fedhas
Gozag
Hepliaklqana
Kikubaaqudgha
Makhleb
Nemelex Xobeh
Okawaru
Qazlal
Ru
Sif Muna
Trog
Uskayaw
Vehumet
Wu Jian
Xom
Yredelemnul
Zin
The Shining One

Shops:
D:6 =   D:8 *

Annotations:
D:8 1 runed translucent door


Innate Abilities, Weirdness & Mutations

You have a pair of horns on your head.
You reflexively headbutt those who attack you in melee.


Message History

The seven-headed hydra closely misses you.
You regained 14 hp, and now have 34/92 hp.
You hack one of the seven-headed hydra's heads off!
The six-headed hydra grows two more!
You slice the eight-headed hydra!!
The eight-headed hydra is almost dead.
The eight-headed hydra bites you!
You block the eight-headed hydra's attack.
The eight-headed hydra bites you!
* * * LOW HITPOINT WARNING * * *
The eight-headed hydra bites you!
* * * LOW HITPOINT WARNING * * *
You block the eight-headed hydra's attack.
The eight-headed hydra closely misses you.
The eight-headed hydra bites you but does no damage.
The eight-headed hydra closely misses you.
You take 28 damage, and have 6/92 hp.
MASSIVE DAMAGE!!
You feel much better. The eight-headed hydra bites you.
* * * LOW HITPOINT WARNING * * *
The eight-headed hydra bites you but does no damage. x2
You block the eight-headed hydra's attack. x2
The eight-headed hydra bites you.
* * * LOW HITPOINT WARNING * * *
The eight-headed hydra closely misses you.
The eight-headed hydra misses you.
You regained 14 hp, and now have 20/92 hp.
You lop one of the eight-headed hydra's heads off!
The seven-headed hydra grows two more!
You slice the nine-headed hydra!!
The nine-headed hydra is almost dead.
The nine-headed hydra bites you but does no damage.
The nine-headed hydra bites you!
* * * LOW HITPOINT WARNING * * *
You block the nine-headed hydra's attack.
The nine-headed hydra barely misses you.
You block the nine-headed hydra's attack.
The nine-headed hydra bites you.
* * * LOW HITPOINT WARNING * * *
You block the nine-headed hydra's attack.
The nine-headed hydra bites you!
You die...
Your body rises from the dead as a mindless zombie.

#.#
#.......#.[#
#.#
#.......#.$
#.#
#.......#
#.#
##......#
#.#
##......##
#.#
##...##.##
#.#
#o..##).#
#.#
##D.##.)##
#.#
##@####)##
#.# #..# #..
#.# #.###...
. #.#
#.##.... o
#.# #.##....
. #.#
##.##....
#.#
#..###...
#.# ##.##
#.# #..#


You could see a nine-headed hydra (corroded) and an orc warrior.

Vanquished Creatures
  A two-headed ogre (D:6)
  Pikel (D:5)
  A hornet (D:8)
  A wyvern (D:8)
  2 vampire mosquitoes (D:8)
  2 water moccasins
  A black bear (D:6)
  2 ice beasts
  4 sky beasts
  A hornet zombie (D:7)
  4 necrophages
  A centaur (D:6)
  3 phantoms
  2 lemures
  Blork the orc (D:5)
  A kobold brigand (D:8)
  2 scorpions
  5 bullfrogs
  2 wyvern zombies (D:8)
  A water moccasin skeleton (D:5)
  4 killer bees (D:8)
  3 wights (D:8)
  A howler monkey (D:6)
  3 gnoll shamans
  3 hounds
  Crazy Yiuf (D:5)
  2 centaur skeletons (D:7)
  Terence (D:2)
  6 iguanas
  4 orc wizards
  A killer bee zombie (D:7)
  A hound skeleton (D:5)
  A howler monkey skeleton (D:5)
  A howler monkey zombie (D:7)
  17 gnolls
  2 adders
  A white imp (D:6)
  An ufetubus (D:7)
  An adder skeleton (D:4)
  4 worms
  2 dart slugs
  22 orcs
  6 bats
  8 endoplasms
  4 giant cockroaches
  8 goblins
  6 hobgoblins
  7 jackals
  2 quokkas
  6 ball pythons
  A frilled lizard (D:1)
  11 kobolds
  3 rats
182 creatures vanquished.

Notes
Turn   | Place    | Note
-------+----------+-------------------------------------------
     0 | D:1      | Mitsuki the Minotaur Fighter began the quest for the Orb.
     0 | D:1      | Reached XP level 1. HP: 19/19 MP: 0/0
   220 | D:1      | Reached XP level 2. HP: 10/27 MP: 1/1
  1144 | D:2      | Reached XP level 3. HP: 31/33 MP: 2/2
  1362 | D:2      | Noticed Terence
  1369 | D:2      | Killed Terence
  1641 | D:2      | Reached XP level 4. HP: 41/41 MP: 3/3
  2014 | D:3      | Found a faded altar of an unknown god.
  2374 | D:3      | Found a stormy altar of Qazlal.
  2498 | D:3      | Found a hazy altar of Hepliaklqana.
  2499 | D:3      | Found a shimmering altar of Xom.
  2500 | D:3      | Noticed a spectral ugly thing
  2865 | D:4      | Reached XP level 5. HP: 33/47 MP: 4/4
  3137 | D:4      | Noticed a phantom
  3160 | D:4      | Killed a phantom
  3161 | D:4      | Reached skill level 5 in Fighting
  3161 | D:4      | Reached skill level 5 in Armour
  3161 | D:4      | Reached skill level 5 in Shields
  3286 | D:4      | Reached XP level 6. HP: 56/56 MP: 5/5
  3689 | D:4      | Found a shadowy altar of Dithmenos.
  3927 | D:5      | Entered Level 5 of the Dungeon
  4062 | D:5      | Noticed Blork the orc
  4084 | D:5      | Killed Blork the orc
  4085 | D:5      | Reached XP level 7. HP: 27/62 MP: 6/6
  4242 | D:5      | Reached skill level 5 in Long Blades
  4513 | D:5      | Found a staircase to the Ecumenical Temple.
  4556 | D:5      | Found a runed translucent door.
  4557 | D:5      | Noticed Crazy Yiuf
  4636 | D:5      | Found a burning altar of Makhleb.
  4658 | D:5      | Noticed Pikel
  4675 | D:5      | Killed Pikel
  4676 | D:5      | Reached XP level 8. HP: 69/73 MP: 7/7
  5129 | D:5      | Killed Crazy Yiuf
  5244 | D:6      | Found Badotol's Jewellery Emporium.
  5247 | D:6      | Bought a ring of see invisible for 180 gold pieces
  5458 | D:6      | Noticed a two-headed ogre
  5467 | D:6      | Killed a two-headed ogre
  5468 | D:6      | Reached XP level 9. HP: 30/82 MP: 8/8
  6530 | D:7      | Found a glowing silver altar of Zin.
  6533 | D:7      | Found a broken altar of Ashenzari.
  6537 | D:7      | Found a bloodstained altar of Trog.
  6542 | D:7      | Found an iron altar of Okawaru.
  7182 | Temple   | Entered the Ecumenical Temple
  7248 | Temple   | Became a worshipper of Yredelemnul the Dark
  7400 | D:8      | Found a sparkling altar of Nemelex Xobeh.
  7422 | D:8      | Reached XP level 10. HP: 80/91 MP: 9/9
  7512 | D:8      | Found Gozag's Platinum Reserve.
  7513 | D:8      | Found an opulent altar of Gozag.
  7585 | D:8      | Found a runed translucent door.
  7863 | D:8      | Found a runed translucent door.
  8040 | D:8      | Reached skill level 1 in Invocations
  8207 | D:8      | Identified the +7 dire flail "Epsedodo" {spect, rC+ Int+3
                  | SInv Stlth-}
  8490 | D:8      | Reached * piety under Yredelemnul
  8490 | D:8      | Noticed a six-headed hydra
  8504 | D:8      | HP: 4/92 [seven-headed hydra (12)]
  8509 | D:8      | Mangled by a nine-headed hydra

Illustrated notes

Levels and vault maps discovered:
D:1:      dpeg_arrival_arbitrary_a, layout_basic
D:2:      layout_basic, glass_columns_a, minmay_misc_feat_doors, uniq_terence
D:3:      layout_loops_ring, regret_index_temple_of_mockery,
          lemuel_doored_altar, ebering_ecumenical_altar_rust
D:4:      layout_cave_pods, grunt_dithmenos_smoke
D:5:      layout_basic, mainiacjoe_overflow_cross_hatched,
          minmay_temple_entry_statues_pillars, uniq_pikel, uniq_blork_the_orc,
          uniq_crazy_yiuf_cottage
D:6:      layout_basic, serial_shops, shop, kennysheep_nub
D:7:      layout_gridville, minitemple, hangedman_decor_slide_cut,
          amethyst_killhole
D:8:      cheibrodos_histonic, layout_basic, nicolae_gozag_zags_fifth_avenue,
          mainiacjoe_overflow_small_starburst
Temple:   cyrus_temple_forest

Skill      XL: |  1  2  3  4  5  6  7  8  9 10 |
---------------+-------------------------------+-----
Shields        | 4 5 7 8 9 |  9.8
Fighting       | 4 5 7 8 9 |  9.7
Armour         | 4 5 7 8 9 |  9.7
Long Blades    | 3 4 6 7 8 9 |  9.3
Invocations    | 2 |  2.9

Action                   |  1- 3 |  4- 6 |  7- 9 | 10-12 || total
-------------------------+-------+-------+-------+-------++-------
Melee: Long sword        |    73 |   151 |       |       ||   224
       Headbutt          |    11 |    27 |    40 |    20 ||    98
       Scimitar          |       |       |   234 |    72 ||   306
Evoke: Wand              |       |       |       |     1 ||     1
  Use: Potion            |       |       |       |     4 ||     4
Armor: Scale mail        |    23 |    35 |    69 |    24 ||   151
Dodge: Dodged            |    30 |    43 |   101 |    54 ||   228
Block: Kite shield       |    45 |    92 |   117 |    60 ||   314
       Rpst.: Long sword |    11 |     9 |       |       ||    20
       Scimitar          |       |       |    20 |    12 ||    32

Table legend: (Time is in decaauts)
 A = Elapsed time spent in this place.
 B = Non-inter-level travel time spent in this place.
 C = Inter-level travel time spent in this place.
 D = Time resting spent in this place.
 E = Time spent auto-exploring this place.
 F = Levels seen in this place.
 G = Mean time per level.
                   A        B        C        D        E       F      G
               +--------+--------+--------+--------+--------+-----+--------+
         Total |   8647 |   8328 |    319 |    184 |   6918 |   9 |  960.8 |
       Dungeon |   8547 |   8261 |    286 |    184 |   6863 |   8 | 1068.4 |
        Temple |     99 |     66 |     33 |      0 |     55 |   1 |   99.0 |
               +--------+--------+--------+--------+--------+-----+--------+

Top non-repeatable levels by time:
     D:5: 1316 daAuts
     D:4: 1257 daAuts
     D:8: 1164 daAuts
     D:6: 1085 daAuts
     D:1: 1042 daAuts
     D:2: 975 daAuts
     D:7: 957 daAuts
     D:3: 748 daAuts
  Temple: 99 daAuts
